 Dungeon Crawl Stone Soup version 0.23.2-33-g5129a83184 (webtiles) character file.

Game seed: 3179013674227635319

237 Legadrian the Cudgeler (level 6, -1/48 HPs)
             Began as a Human Fighter on June 29, 2019.
             Slain by a scorpion (4 damage)
             ... on level 4 of the Dungeon.
             The game lasted 00:24:50 (3711 turns).

Legadrian the Cudgeler (Human Fighter)              Turns: 3711, Time: 00:24:51

Health: -1/48      AC: 14    Str: 18    XL:     6   Next: 28%
Magic:  6/6        EV:  3    Int:  9    God:
Gold:   168        SH:  9    Dex: 10    Spells: 5/5 levels left

rFire    . . .     SeeInvis .   g - -1 dagger (curse)
rCold    . . .     Gourm    .   c - +0 shield
rNeg     . . .     Faith    .   u - +1 plate armour
rPois    .         Spirit   .   (no helmet)
rElec    .         Reflect  .   (no cloak)
rCorr    .         Harm     .   (no gloves)
MR       .....                  T - +0 pair of boots
Stlth    ..........             (no amulet)
HPRegen  0.16/turn              (no ring)
MPRegen  0.10/turn              (no ring)

@: lethally poisoned (-1 -> -9)
A: clumsy 1, shaggy fur 1, wild magic 1
a: no special abilities


You were on level 4 of the Dungeon.
You were not hungry.

You visited 1 branch of the dungeon, and saw 4 of its levels.

You collected 168 gold pieces.

Inventory:

Hand Weapons
 a - a +1 flail
 e - a +0 whip
 g - a cursed -1 dagger (weapon)
 h - a +0 whip
 i - a +0 hand axe
 o - a cursed +0 short sword
 p - a +0 club
 v - a +0 club
 y - a +0 falchion
 A - a +0 hand axe
 C - a +0 dagger
 E - a +0 trident
 H - a +0 blowgun
 I - a +0 short sword
 J - a +3 flail
 K - a +0 club
 L - a +0 mace
 N - a +0 dagger
 P - a +0 club
 S - a +0 short sword
Missiles
 l - 388 stones (quivered)
 m - 22 sling bullets
 n - 17 poisoned needles
 z - 27 arrows
Armour
 b - a +0 scale mail
 c - a +0 shield (worn)
 j - a +0 leather armour
 r - a +0 chain mail
 u - a +1 plate armour (worn)
 w - a +0 robe
 B - a +0 chain mail
 F - a +0 ring mail
 M - a +0 chain mail
 O - a +0 robe
 Q - a +0 ring mail
 T - a +0 pair of boots (worn)
Wands
 s - a wand of polymorph (8)
 R - a wand of paralysis (7)
Scrolls
 k - 2 scrolls of amnesia
 t - a scroll of immolation
 D - a scroll of fear
 U - a scroll of teleportation
Potions
 d - 2 potions of might
 q - a potion of curing
 x - a potion of lignification
 G - a potion of haste
Comestibles
 f - 8 rations


   Skills:
 + Level 4.0 Fighting
 + Level 4.2 Maces & Flails
 + Level 3.6 Armour
 + Level 0.3 Dodging
 + Level 0.6 Stealth
 + Level 3.8 Shields


You had 5 spell levels left.
You didn't know any spells.
Your spell library contained the following spells:

 Spells                   Type           Power        Failure   Level  Hunger
 Animate Skeleton         Necr           N/A          100%        1    ##.....
 Apportation              Tloc           #.....       100%        1    ##.....
 Confusing Touch          Hex            #.....       100%        1    ##.....
 Summon Small Mammal      Summ           #...         100%        1    ##.....


Dungeon Overview and Level Annotations

Branches:
Dungeon (4/15)
 Temple: D:4-7

Altars:
Gozag
Sif Muna
Vehumet
Yredelemnul


Innate Abilities, Weirdness & Mutations

You are clumsy. (Dex -2)
You are covered in fur. (AC +1)
Your spells are a little harder to cast, but a little more powerful.


Message History

The scorpion stings you.
* * * LOW HITPOINT WARNING * * *
Your shield and plate armour prevent you from hitting the scorpion.
The scorpion is heavily wounded.
The scorpion stings you.
* * * LOW HITPOINT WARNING * * *
You hit the scorpion but do no damage.
The scorpion is heavily wounded.
The scorpion stings you but does no damage.
You hit the scorpion but do no damage.
The scorpion is heavily wounded.
The scorpion stings you.
* * * LOW HITPOINT WARNING * * *
You are lethally poisoned!
The scorpion poisons you!
You hit the scorpion.
The scorpion is severely wounded.
* * * LOW HITPOINT WARNING * * *
You feel sick. The scorpion stings you.
You die...

#.###,*****#...#**.##....#.....
#.# *,* #...# *.##....#.....
#.# *,* #...# #.##....#..<..
#.# *,* #...###.##..........
#.# *,* #.............#.....
#.# *,* ####.#...##....#.####
#.# *,****#.###..........#.####
#.# *,,,,##_.♣##.####....#.....
#.# ****,#8...@s.........######
#.# *,,,,##_.♣#..####..........
#.# *,,,,,#.####.####......####
#.# *,,,,,####......+......#
#.# ****+*,..#..####.####..#
#.# *,***.#.#.........#.# #.#
*,,,,...#..##.##..#.# #.#
******###.#.#.#.#.#.#.# #.#
*,>,,,,,#.#.##...##.#.#


You could see a scorpion.

Vanquished Creatures
  A scorpion (D:4)
  An orc priest (D:3)
  A centaur skeleton (D:4)
  An orc wizard (D:3)
  4 adders
  2 dart slugs
  5 leopard geckos
  5 orcs
  A giant cockroach (D:2)
  5 goblins
  6 hobgoblins
  2 jackals (D:2)
  A quokka (D:2)
  4 bats
  3 frilled lizards
  10 kobolds
  11 rats
63 creatures vanquished.

Notes
Turn   | Place    | Note
-------+----------+-------------------------------------------
     0 | D:1      | Legadrian the Human Fighter began the quest for the Orb.
     0 | D:1      | Reached XP level 1. HP: 18/18 MP: 1/1
   313 | D:1      | Reached XP level 2. HP: 21/24 MP: 2/2
   608 | D:1      | Gained mutation: You are clumsy. (Dex -2) [potion of
                  | mutation]
   608 | D:1      | Gained mutation: Your spells are a little harder to cast,
                  | but a little more powerful. [potion of mutation]
   608 | D:1      | Gained mutation: You are covered in fur. (AC +1) [potion of
                  | mutation]
   678 | D:1      | Reached XP level 3. HP: 27/29 MP: 3/3
  1152 | D:2      | Reached XP level 4. HP: 28/37 MP: 4/4
  2211 | D:3      | Found a radiant altar of Vehumet.
  2515 | D:3      | Paralysed by an orc priest for 7 turns
  2522 | D:3      | Reached XP level 5. HP: 9/42 MP: 5/5
  3112 | D:4      | Reached XP level 6. HP: 48/48 MP: 6/6
  3315 | D:4      | Found an opulent altar of Gozag.
  3643 | D:4      | Found a basalt altar of Yredelemnul.
  3644 | D:4      | Found a deep blue altar of Sif Muna.
  3711 | D:4      | Slain by a scorpion

Skill      XL: |  1  2  3  4  5 |
---------------+----------------+-----
Maces & Flails | 3 4 |  4.2
Fighting       | 4 |  4.0
Armour         | |  3.6
Dodging        | |  0.3
Stealth        | |  0.6
Shields        | |  3.8

Action                   |  1- 3 |  4- 6 || total
-------------------------+-------+-------++-------
Melee: Flail             |    89 |   144 ||   233
       Dagger            |       |    41 ||    41
  Use: Scroll            |     5 |     7 ||    12
       Potion            |     1 |     6 ||     7
  Eat: Chunk             |     1 |     2 ||     3
       Ration            |       |     2 ||     2
Armor: Scale mail        |    24 |       ||    24
       Chain mail        |     1 |       ||     1
       Plate armour      |    53 |   141 ||   194
       Skin              |       |     3 ||     3
Dodge: Dodged            |    22 |    14 ||    36
Block: Shield            |    56 |    93 ||   149
